 Dungeon Crawl Stone Soup version 0.30-a0-377-g5cb311bc9f (webtiles) character file.

Game seed: 8585082801706284170

73 SmokeWeed the Firebug (level 4, 0/27 HPs)
             Began as an Octopode Fire Elementalist on Nov 28, 2022.
             Was an Initiate of Sif Muna.
             Slain by Dowan
             ... wielding a +0 dagger
              (2 damage)
             ... on level 4 of the Dungeon.
             The game lasted 00:10:41 (2693 turns).

SmokeWeed the Firebug (Octopode Fire Elementalist)  Turns: 2693, Time: 00:10:41

Health: 0/27       AC:  5    Str:  7    XL:     4   Next: 27%
Magic:  6/8        EV: 13    Int: 19    God:    Sif Muna [......]
Gold:   167        SH:  0    Dex: 12    Spells: 7/8 levels left

rFire   + . .      SeeInvis .    n - +2 dagger (holy)
rCold   + . .      Faith    .    (no shield)
rNeg    . . .      Spirit   .    (helmet restricted)
rPois   +          Reflect  .    (no amulet)
rElec   +          Harm     .    c - +4 ring of protection
rCorr   +          Rampage  .    (no ring)
Will    .....                    (no ring)
Stlth   +++.......               (no ring)
HPRegen 0.24/turn                (no ring)
MPRegen 0.11/turn                (no ring)
                                 (no ring)
                                 (no ring)

@: mighty, resistant, attractive, flying
A: almost no armour, amphibious, 8 rings, camouflage 1, gelatinous body 1,
(nimble swimmer 1), tentacles
a: Renounce Religion


You were on level 4 of the Dungeon.
You worshipped Sif Muna.
Sif Muna was noncommittal.
You visited 1 branch of the dungeon, and saw 4 of its levels.

You collected 167 gold pieces.

Inventory:

Hand Weapons
 i - a +0 dagger
 l - a +0 dagger of venom
 n - a +2 dagger of holy wrath (weapon)
Missiles
 e - 6 poisoned darts
Jewellery
 c - a +4 ring of protection (left tentacle)
Wands
 w - a wand of roots (10)
Scrolls
 b - 2 scrolls of silence {unknown}
 d - 5 scrolls of identify {unknown}
 g - 4 scrolls of enchant weapon {unknown}
 h - a scroll of teleportation {unknown}
 m - a scroll of amnesia {unknown}
 o - a scroll of poison {unknown}
 q - a scroll of acquirement {unknown}
 r - a scroll of vulnerability {unknown}
 u - a scroll of enchant armour {unknown}
 v - a scroll of immolation {unknown}
Potions
 a - 2 potions of magic
 j - 2 potions of curing
 t - a potion of degeneration {unknown}


   Skills:
 + Level 2.7 Dodging
 + Level 3.3 Stealth
 + Level 2.7 Spellcasting
 + Level 1.3 Conjurations
 + Level 3.6 Fire Magic


You had 7 spell levels left.
You knew the following spells:

 Your Spells              Type           Power      Damage    Failure   Level
a - Foxfire               Conj/Fire      48%        2x1d6     6%          1

Your spell library contained the following spells:

 Spells                   Type           Power      Damage    Failure   Level
 Scorch                   Fire           32%        2d6       5%          2
 Inner Flame              Hex/Fire       9%         N/A       22%         3
 Kindle Blastsparks       Fire/Tloc/Air  14%        2d11      28%         3
 Flame Wave               Conj/Fire      12%        2d6       50%         4


Dungeon Overview and Level Annotations

Branches:
Dungeon (4/15)
 Temple: D:4-7

Altars:
Hepliaklqana
Kikubaaqudgha
Makhleb
Okawaru
Ru
Sif Muna
Wu Jian

Annotations:
D:4 Dowan, Duvessa


Innate Abilities, Weirdness & Mutations

You cannot wear most types of armour.
You are amphibious.
You can wear up to eight rings at the same time.
Your skin changes colour to match your surroundings (Stealth+).
Your rubbery body absorbs attacks. (AC +1, EV +1)
((You are camouflaged when in or above water. (Stealth+)))
You have tentacles for arms and can constrict up to eight enemies at once.


Message History

Aim: Duvessa, wielding a +0 rapier and wearing a +0 ring mail (moderately wounded)
Okay, then.
You hit Duvessa. You grab Duvessa.
Duvessa is moderately wounded.
You constrict Duvessa. Duvessa closely misses you.
You hit Duvessa but do no damage.
Duvessa is moderately wounded.
You constrict Duvessa, but do no damage.
Duvessa hits you with a +0 rapier!
You hit Duvessa but do no damage.
Duvessa is moderately wounded.
You constrict Duvessa. Duvessa hits you with a +0 rapier.
You conjure some foxfire!
You constrict Duvessa.
Duvessa gestures with her weapon.
Duvessa closely misses you.
Your foxfire dissipates!
You release your grip on Duvessa.
Dowan gestures wildly while chanting.
Dowan blinks!
You conjure some foxfire!
The foxfire hits Dowan.
Dowan is lightly wounded.
Duvessa hits you with a +0 rapier!
Okay, then.
It was a potion of curing.
You feel better. Duvessa hits you with a +0 rapier.
It was a potion of resistance.
You feel protected. Dowan misses you. Duvessa hits you with a +0 rapier.
It was a potion of attraction.
You feel attractive to monsters. Dowan hits you but does no damage.
Duvessa misses you.
It was a potion of flight.
You feel very buoyant.
You fly up into the air.
Dowan points at you and mumbles some strange words.
The puff of flame hits you. You resist. Duvessa hits you with a +0 rapier!
* * * LOW HITPOINT WARNING * * *
It was a potion of might.
You feel very mighty all of a sudden. Dowan hits you with a +0 dagger.
You die...

## #. #. #. ####.
#################....
#..e@e..........'....
#.###############....
#.# #...... #..
#.##'#. #>. #.##.#.
.#.# #.##.#. . .#
#.##.#. . .# #.##.#.
#.##.#.


You could see Duvessa and Dowan.

Vanquished Creatures
  2 gnolls (D:3)
  3 orcs
  5 endoplasms
  3 goblins
  6 hobgoblins
  6 quokkas
  8 ball pythons
  7 bats
  5 kobolds
  4 rats
49 creatures vanquished.

Vanquished Creatures (others)
  98 foxfires
98 creatures vanquished.

Grand Total: 147 creatures vanquished

Notes
Turn   | Place    | Note
-------+----------+-------------------------------------------
     0 | D:1      | SmokeWeed the Octopode Fire Elementalist began the quest
                  | for the Orb.
     0 | D:1      | Reached XP level 1. HP: 11/11 MP: 3/3
   171 | D:1      | Reached XP level 2. HP: 17/17 MP: 1/5
   913 | D:2      | Reached XP level 3. HP: 21/21 MP: 3/6
  1812 | D:3      | Found a hazy altar of Hepliaklqana.
  1812 | D:3      | Found a shimmering blue altar of Sif Muna.
  1818 | D:3      | Found an ornate altar of the Wu Jian Council.
  1820 | D:3      | Found a burning altar of Makhleb.
  1821 | D:3      | Found an ancient bone altar of Kikubaaqudgha.
  1839 | D:3      | Became a worshipper of Sif Muna the Loreminder
  1914 | D:3      | Found an iron altar of Okawaru.
  1931 | D:3      | Reached XP level 4. HP: 27/27 MP: 1/7
  2243 | D:3      | Found a faded altar of an unknown god.
  2377 | D:3      | Found a sacrificial altar of Ru.
  2679 | D:4      | Noticed Duvessa
  2679 | D:4      | Noticed Dowan
  2693 | D:4      | Slain by Dowan

Illustrated notes

Levels and vault maps discovered:
D:1:      nzn_arrival_water_spiral, layout_basic, minmay_pentomino_s4
D:2:      layout_rooms, chequers_decorated_corner
D:3:      layout_loops_corners, okawaru_altar_gauntlet_db,
          chequers_temple_overflow_minitemple, mainiacjoe_overflow_alcove_2,
          shapermc_ecumenical_altar_mp_vishouse, supply_closet_lemuel
D:4:      minmay_chambers_of_twos, layout_basic, dreamdust_gnoll_farm,
          uniq_duvessa

Skill      XL: |  1  2 |
---------------+-------+-----
Stealth        | 3 |  3.3
Dodging        | |  2.7
Spellcasting   | |  2.7
Conjurations   | |  1.3
Fire Magic     | |  3.6

Action                   |  1- 3 |  4- 6 || total
-------------------------+-------+-------++-------
Melee: Unarmed           |    15 |       ||    15
       Tentacles         |     6 |     1 ||     7
       Constrict         |     9 |     3 ||    12
       Dagger            |    21 |    15 ||    36
 Cast: Foxfire           |    53 |     7 ||    60
Evoke: Wand              |       |     1 ||     1
  Use: Potion            |       |     5 ||     5
 Stab: Sleeping          |     6 |     1 ||     7
Armor: Skin              |    10 |     6 ||    16
Dodge: Dodged            |    44 |    11 ||    55

Table legend: (Time is in decaauts)
 A = Elapsed time spent in this place.
 B = Non-inter-level travel time spent in this place.
 C = Inter-level travel time spent in this place.
 D = Time resting spent in this place.
 E = Time spent auto-exploring this place.
 F = Levels seen in this place.
 G = Mean time per level.
                   A        B        C        D        E       F      G
               +--------+--------+--------+--------+--------+-----+--------+
         Total |   2690 |   2634 |     56 |    160 |   2088 |   4 |  672.5 |
       Dungeon |   2690 |   2634 |     56 |    160 |   2088 |   4 |  672.5 |
               +--------+--------+--------+--------+--------+-----+--------+

Top non-repeatable levels by time:
     D:3: 1200 daAuts
     D:1: 877 daAuts
     D:2: 494 daAuts
     D:4: 117 daAuts
